 Dungeon Crawl Stone Soup version 0.27-a0-1184-ge86db4a01e (webtiles) character file.

Game seed: 4545493867352322384

39 leviel the Skirmisher (level 3, -1/36 HPs)
             Began as a Minotaur Fighter on May 18, 2021.
             Slain by a steam dragon (3 damage)
             ... on level 4 of the Dungeon.
             The game lasted 00:00:59 (1270 turns).

leviel the Skirmisher (Minotaur Fighter)            Turns: 1270, Time: 00:01:00

Health: -1/36      AC:  6    Str: 21    XL:     3   Next: 26%
Magic:  2/2        EV:  7    Int:  5    God:
Gold:   45         SH:  9    Dex:  9    Spells: 2/2 levels left

rFire    . . .     SeeInvis .   a - +0 war axe
rCold    . . .     Faith    .   c - +0 kite shield
rNeg     . . .     Spirit   .   b - +0 scale mail
rPois    .         Reflect  .   (helmet restricted)
rElec    .         Harm     .   (no cloak)
rCorr    .         Rampage  .   (no gloves)
Will     .....                  (no boots)
Stlth    ..........             (no amulet)
HPRegen  0.12/turn              (no ring)
MPRegen  0.08/turn              (no ring)

@: mighty
A: horns 2, retaliatory headbutt
a: no special abilities


You were on level 4 of the Dungeon.
You visited 1 branch of the dungeon, and saw 3 of its levels.

You collected 45 gold pieces.

Inventory:

Hand Weapons
 a - a +0 war axe (weapon)
Armour
 b - a +0 scale mail (worn)
 c - a +0 kite shield (worn)
Jewellery
 g - a ring of protection from fire
Scrolls
 e - 2 scrolls of identify {unknown}
 f - a scroll of noise {unknown}
 i - a scroll of fog {unknown}
 j - 2 scrolls of teleportation {unknown}
Potions
 h - a potion of curing {unknown}


   Skills:
 + Level 5.3 Fighting
 - Level 2.4 Axes
 - Level 3.6 Armour
 - Level 3.6 Shields


You had 2 spell levels left.
You didn't know any spells.
Your spell library was empty.

Dungeon Overview and Level Annotations

Branches:
Dungeon (2/15)

Altars:


Innate Abilities, Weirdness & Mutations

You have a pair of horns on your head.
You reflexively headbutt those who attack you in melee.


Message History

No target in view!
Things that are here:
a +0 dagger; 5 stones; a kobold corpse
Found 18 arrows.
You now have 45 gold pieces (gained 7).
You see here a +0 spear.
You see here 18 arrows.
A steam dragon comes into view.
The steam dragon hisses angrily.
Found 22 bolts.
You block the steam dragon's attack. The steam dragon closely misses you.
You slash the steam dragon!
The steam dragon is moderately wounded.
You block the steam dragon's attack.
The steam dragon claws you but does no damage.
You closely miss the steam dragon.
The steam dragon is moderately wounded.
The steam dragon breathes steam at you. The ball of steam hits you!!
Ouch! That really hurt!
The steam dragon bites you but does no damage.
The steam dragon barely misses you.
You hear a shout! x6
You feel very mighty all of a sudden.
You are engulfed in a cloud of scalding steam.
* * * LOW HITPOINT WARNING * * *
You block the steam dragon's attack. x2
You are too injured to fight recklessly!
You closely miss the steam dragon. Your headbutt misses the steam dragon.
The steam dragon is moderately wounded.
You block the steam dragon's attack. The steam dragon claws you.
* * * LOW HITPOINT WARNING * * *
You block the steam dragon's attack.
The steam dragon claws you but does no damage.
You barely miss the steam dragon.
The steam dragon is moderately wounded.
A hobgoblin comes into view.
The steam dragon barely misses you. You furiously retaliate!
You headbutt the steam dragon! The steam dragon claws you.
You die...

#).........# .#
#..........# ....
. #..........#
..# ..
##..........#
.§##.
............#
....
##......>...#
##.#
#..........###..#
#.........)..(..#
#..........####@#
#..........#
#D.§...#
###....#####
#.§.##.# #....#
#..... ...###
......g ..
#........
###...... #.....


You could see a steam dragon and a hobgoblin.

Vanquished Creatures
  2 ball pythons (D:1)
  A bat (D:1)
  5 endoplasms
  A giant cockroach (D:1)
  2 goblins (D:1)
  5 hobgoblins (D:1)
  5 jackals (D:1)
  3 frilled lizards (D:1)
  5 kobolds
  5 rats (D:1)
34 creatures vanquished.

Notes
Turn   | Place    | Note
-------+----------+-------------------------------------------
     0 | D:1      | leviel the Minotaur Fighter began the quest for the Orb.
     0 | D:1      | Reached XP level 1. HP: 19/19 MP: 0/0
   146 | D:1      | Reached skill level 4 in Fighting
   268 | D:1      | Reached XP level 2. HP: 28/28 MP: 1/1
   507 | D:1      | Found a faded altar of an unknown god.
   532 | D:1      | Reached skill level 5 in Fighting
   554 | D:1      | Reached XP level 3. HP: 25/36 MP: 2/2
  1240 | D:2      | You fall into a shaft and drop 2 floors!
  1264 | D:4      | Noticed a steam dragon
  1270 | D:4      | Slain by a steam dragon

Illustrated notes

Levels and vault maps discovered:
D:1:      dpeg_cavernosity, layout_basic, hellmonk_ecumenical_altar_crossroads,
          minmay_ruptured
D:2:      layout_basic, uniq_jessica, uniq_terence
D:4:      layout_rooms, marbit_many_paths, minmay_temple_entry_sparse_star,
          serial_glass, glass_columns_a, glass_columns_a,
          lightli_ossuary_entry_decrepit_ruins, uniq_natasha

Skill      XL: |  1  2 |
---------------+-------+-----
Fighting       | 4 5 |  5.3
Axes           | |  2.4
Armour         | |  3.6
Shields        | |  3.6

Action                   || total
-------------------------++-------
Melee: War axe           ||    60
       Headbutt          ||     7
  Use: Potion            ||     1
Armor: Scale mail        ||    23
Dodge: Dodged            ||    18
Block: Kite shield       ||    24

Table legend: (Time is in decaauts)
 A = Elapsed time spent in this place.
 B = Non-inter-level travel time spent in this place.
 C = Inter-level travel time spent in this place.
 D = Time resting spent in this place.
 E = Time spent auto-exploring this place.
 F = Levels seen in this place.
 G = Mean time per level.
                   A        B        C        D        E       F      G
               +--------+--------+--------+--------+--------+-----+--------+
         Total |   1305 |   1264 |     41 |      0 |   1098 |   3 |  435.0 |
       Dungeon |   1305 |   1264 |     41 |      0 |   1098 |   3 |  435.0 |
               +--------+--------+--------+--------+--------+-----+--------+

Top non-repeatable levels by time:
     D:1: 1244 daAuts
     D:4: 32 daAuts
     D:2: 28 daAuts
